 Dungeon Crawl Stone Soup version 0.15.0-14-g6bbbb5c (console) character file.

5 gw the Insei (level 1, 0/18 HPs)
             Began as a Demonspawn Monk on Sept 3, 2014.
             Slain by a bat (1 damage)
             ... on Level 1 of the Dungeon.
             The game lasted 00:00:14 (262 turns).

gw the Insei (Demonspawn Monk)                       Turns: 262, Time: 00:00:14

HP   0/18        AC  3     Str 11      XL: 1   Next: 66%
MP   1/1         EV 11     Int 11      God:
Gold 0           SH  0     Dex 15      Spells:  0 memorised,  0 levels left

rFire  . . .     SeeInvis .       - Unarmed
rCold  . . .     Clarity  .     c - +0 leather armour (curse)
rNeg   . . .     rCorr    .     (no shield)
rPois  .         rRot     .     (no helmet)
rElec  .         Spirit   .     (no cloak)
SustAb .         Warding  .     (no gloves)
rMut   .         Stasis   .     (no boots)
Gourm  .                        (no amulet)
MR     +....                    (no ring)
                                d - ring of protection from magic

@: somewhat resistant to hostile enchantments, unstealthy
A: no striking features
a: no special abilities


You were on level 1 of the Dungeon.
You were not hungry.

You visited 1 branch of the dungeon, and saw 1 of its levels.

Inventory:

Armour
 c - a cursed +0 leather armour (worn)
Comestibles
 a - a meat ration
 b - a bread ration
Scrolls
 e - a scroll of remove curse {unknown}
Jewellery
 d - a ring of protection from magic (left hand)


   Skills:
 + Level 3.0 Fighting
 + Level 0.5 Throwing
 + Level 0.1 Armour
 - Level 2.6 Dodging
 - Level 1.7 Stealth
 * Level 3.7 Unarmed Combat


You couldn't memorise any spells.
You didn't know any spells.

Dungeon Overview and Level Annotations

Branches:
Dungeon (1/15)

Altars:


Message History

The bat barely misses you.
MOVING TO (4,0)
The bat hits you but does no damage.
MOVING TO (3,0)
The bat closely misses you. The bat hits you.
MOVING TO (2,0)
The bat barely misses you.
MOVING TO (1,0)
The bat barely misses you. The bat closely misses you.
FLEEEEING!
MOVING TO (8,0)
The bat hits you but does no damage. The bat closely misses you.
MOVING TO (7,0)
The bat barely misses you.
Found a stone staircase leading down.
MOVING TO (6,0)
The bat closely misses you.
MOVING TO (5,0)
The bat hits you.
You die...

#.# #. #.# .# #.####.#
#......# #......#
#......# ###......#
........#############.###
...........g.g.b6.....>.#
###.....#################
#.....# #.....# #######


You could see a hobgoblin, a goblin and a bat.

Table legend:
 A = Turns spent in this place as a percentage of turns spent in the entire game.
 B = Non-inter-level travel turns spent in this place as a percentage of non-inter-level travel turns spent in the entire game.
 C = Inter-level travel turns spent in this place as a percentage of turns spent in this place.
 D = Turns resting spent in this place as a percentage of non-inter-level travel turns spent in this place.
 E = Turns spent auto-exploring this place as a percentage of non-inter-level travel turns spent in this place.
 F = Non-inter-level travel turns spent in this place divided by the number of levels of this place that you've seen.
                   A       B       C       D       E      F
               +-------+-------+-------+-------+-------+----------------------
         Total | 100.0 | 100.0 |   0.0 |   6.7 |   6.7 | 120.0
       Dungeon | 100.0 | 100.0 |   0.0 |   6.7 |   6.7 | 120.0
               +-------+-------+-------+-------+-------+----------------------

Table legend:
 A = Kills in this place as a percentage of kills in entire the game.
 B = Kills by you in this place as a percentage of kills by you in the entire game.
 C = Kills by friends in this place as a percentage of kills by friends in the entire game.
 D = Other kills in this place as a percentage of other kills in the entire game.
 E = Experience gained in this place as a percentage of experience gained in the entire game.
 F = Experience gained in this place divided by the number of levels of this place that you have seen.
                   A       B       C       D       E      F
               +-------+-------+-------+-------+-------+----------------------
         Total | 100.0 | 100.0 |  -nan |  -nan | 100.0 |   8.0
       Dungeon | 100.0 | 100.0 |  -nan |  -nan | 100.0 |   8.0
               +-------+-------+-------+-------+-------+----------------------

Vanquished Creatures
  A giant cockroach (D:1)
  A goblin (D:1)
  A hobgoblin (D:1)
  2 rats (D:1)
5 creatures vanquished.

Notes
Turn   | Place    | Note
--------------------------------------------------------------
     0 | D:1      | gw, the Demonspawn Monk, began the quest for the Orb.
     0 | D:1      | Reached XP level 1. HP: 18/18 MP: 1/1
   262 | D:1      | Slain by a bat

Action                   || total
-------------------------++-------
Melee: Unarmed           ||    20

Vault maps used:
D:1:      tarquinn_simple_flora_water_a
